 Dungeon Crawl Stone Soup version 0.25.1-2-g60ff931df9 (webtiles) character file.

Game seed: 9234124639732462810

997 Curus the Carver (level 7, 0/57 HPs)
             Began as a Minotaur Abyssal Knight on Nov 1, 2020.
             Was an Elder of Lugonu.
             Slain by a quokka (4 damage)
             ... summoned by Eustachio
             ... on level 5 of the Dungeon.
             The game lasted 00:29:50 (5462 turns).

Curus the Carver (Minotaur Abyssal Knight)          Turns: 5462, Time: 00:29:50

Health: 0/57       AC: 12    Str: 17      XL:     7   Next: 99%
Magic:  11/11      EV:  5    Int:  7      God:    Lugonu [****..]
Gold:   217        SH:  0    Dex:  7 (11) Spells: 6/6 levels left

rFire    . . .     SeeInvis .   a - +1 falchion
rCold    . . .     Gourm    .   (no shield)
rNeg     + . .     Faith    .   t - +0 plate armour
rPois    .         Spirit   .   (helmet unavailable)
rElec    .         Reflect  .   (no cloak)
rCorr    .         Harm     .   (no gloves)
MR       .....                  p - +0 pair of boots
Stlth    ..........             (no amulet)
HPRegen  0.19/turn              k - ring of positive energy
MPRegen  0.12/turn              (no ring)

@: no status effects
A: retaliatory headbutt, horns 3, dopey 1
a: Depart the Abyss, Bend Space, Banish, Corrupt, Renounce Religion


You were on level 5 of the Dungeon.
You worshipped Lugonu.
Lugonu was greatly pleased with you.
You were hungry.

You visited 1 branch of the dungeon, and saw 5 of its levels.
You visited the Abyss 1 time.
You also visited: Sewer.

You collected 217 gold pieces.

Inventory:

Hand Weapons
 a - a +1 falchion (weapon)
Armour
 b - a +0 leather armour
 e - a +0 scale mail
 g - a +0 chain mail
 p - a +0 pair of boots (worn)
 t - a +0 plate armour (worn)
Jewellery
 k - a ring of positive energy (left hand)
 q - an uncursed ring of attention
Wands
 o - a wand of iceblast (11)
Scrolls
 h - 2 scrolls of identify
 i - a scroll of remove curse
 j - 4 scrolls of amnesia
 r - a scroll of blinking
 s - a scroll of teleportation
Potions
 f - 5 potions of magic
 l - 3 potions of haste
 m - 2 potions of curing
 n - a potion of heal wounds
Comestibles
 c - 13 rations
 d - 2 chunks of flesh


   Skills:
 - Level 3.6 Fighting
 + Level 8.2 Long Blades
 - Level 2.4 Armour
 - Level 1.1 Dodging
 + Level 6.7 Invocations


You had 6 spell levels left.
You didn't know any spells.
Your spell library contained the following spells:

 Spells                   Type           Power        Failure   Level  Hunger
 Animate Skeleton         Necr           N/A          100%        1    ##.....
 Apportation              Tloc           #.....       100%        1    ##.....
 Corona                   Hex            #......      100%        1    ##.....
 Summon Small Mammal      Summ           #...         100%        1    ##.....


Dungeon Overview and Level Annotations

Branches:
Dungeon (5/15)              Sewer (visited)
 Temple: D:4-7

Altars:
Cheibriados
Dithmenos
Fedhas
Ru
Trog

Annotations:
D:3 3 runed translucent doors, groll's ghost, amateur HuCj
D:5 Eustachio
Abyss:1 Purgy


Innate Abilities, Weirdness & Mutations

You reflexively headbutt those who attack you in melee.
You have a pair of large horns on your head.
You are dopey. (Int -2)


Message History

The quokka barely misses you.
The quasit bites you but does no damage.
The quasit claws you but does no damage.
The quasit claws you.
* * * LOW HITPOINT WARNING * * *
The quasit bites you but does no damage.
The quasit claws you but does no damage. x2
Eustachio hits you but does no damage.
The quasit bites you but does no damage.
The quasit barely misses you.
The quasit claws you but does no damage.
The quokka bites you but does no damage.
The rat bites you but does no damage.
Eustachio hits you with a +2 falchion of holy wrath!
* * * LOW HITPOINT WARNING * * *
The quokka barely misses you.
The quasit bites you but does no damage.
The quasit claws you but does no damage. x2
The quokka bites you.
You die...

.......##....##...####.....######
.............##...##.#####.......
..............#...'รท.....#.......
..............#...#......#.......
#########.....'...#......#.......
###'###...#......#....<..
#....##...########.......
#....##...####$..#.....##
+....#..@5r@5....#.....#
#....#...r5......#.....#
#....#...rr......#.....#
#....###....####.#.....# #....#
#....# .#####.. ....... ..
.......... ... ...........# ...
#####......#


You could see Eustachio, 3 quasits, 2 river rats, a quokka (summoned) and a rat
(summoned).

Vanquished Creatures
  Sigmund (D:4)
  An ogre (D:5)
  2 big kobolds (Sewer)
  2 orc priests
  An iguana (D:4)
  3 orc wizards
  2 worker ants
  Terence (D:3)
  A hound skeleton (D:4)
  6 gnolls
  10 adders
  2 river rats (Sewer)
  An ooze (Sewer)
  An adder skeleton (D:4)
  4 worms
  2 dart slugs
  8 leopard geckos
  12 orcs
  8 bats
  6 giant cockroaches
  3 goblins
  11 hobgoblins
  12 kobolds
  3 quokkas
  5 ball pythons
  5 frilled lizards
  A quokka skeleton (D:4)
  19 rats
133 creatures vanquished.

Notes
Turn   | Place    | Note
-------+----------+-------------------------------------------
     0 | Abyss:1  | Curus the Minotaur Abyssal Knight began the quest for the
                  | Orb.
     0 | Abyss:1  | Reached XP level 1. HP: 19/19 MP: 1/1
     8 | D:1      | Escaped the Abyss
    80 | D:1      | Reached XP level 2. HP: 26/26 MP: 2/2
    82 | D:1      | Reached skill level 3 in Long Blades
   208 | D:1      | You fall into a shaft and drop 1 floor!
   262 | D:2      | Reached ** piety under Lugonu
   566 | D:2      | Found a snail-covered altar of Cheibriados.
   594 | D:2      | Found a shadowy altar of Dithmenos.
   597 | D:2      | Found a bloodstained altar of Trog.
   625 | D:2      | Reached XP level 3. HP: 31/31 MP: 4/4
  1151 | D:1      | Gained mutation: You are dopey. (Int -2) [potion of
                  | mutation]
  1151 | D:1      | Gained mutation: You have a pair of large horns on your
                  | head. [potion of mutation]
  1538 | D:2      | Reached skill level 4 in Long Blades
  1886 | D:2      | Reached XP level 4. HP: 36/39 MP: 5/5
  1963 | D:3      | Found a runed translucent gate.
  1963 | D:3      | Found a runed translucent gate.
  1963 | D:3      | Found a runed translucent gate.
  1963 | D:3      | Noticed groll's ghost (amateur HuCj)
  1968 | D:3      | Noticed an orc warrior
  2263 | D:3      | Reached XP level 5. HP: 44/45 MP: 6/6
  2278 | D:3      | Reached skill level 5 in Long Blades
  2303 | D:3      | Reached *** piety under Lugonu
  2392 | D:3      | Noticed Terence
  2404 | D:3      | Killed Terence
  2817 | D:3      | Noticed Purgy
  2818 | D:3      | Banished Purgy
  2818 | D:3      | Reached XP level 6. HP: 51/51 MP: 8/8
  3350 | D:4      | Found a glowing drain.
  3363 | Sewer    | Entered a sewer
  3594 | Sewer    | Reached skill level 6 in Long Blades
  3845 | Sewer    | Reached skill level 5 in Invocations
  4052 | Sewer    | Reached XP level 7. HP: 44/57 MP: 8/10
  4177 | D:4      | Noticed Sigmund
  4187 | D:4      | Killed Sigmund
  4187 | D:4      | Reached skill level 7 in Long Blades
  4300 | D:4      | Reached **** piety under Lugonu
  4598 | D:4      | Found a blossoming altar of Fedhas.
  4995 | D:4      | Found a sacrificial altar of Ru.
  5158 | D:5      | Entered Level 5 of the Dungeon
  5179 | D:5      | Reached skill level 8 in Long Blades
  5427 | D:5      | Noticed Eustachio
  5462 | D:5      | Slain by a quokka

Illustrated notes

Levels and vault maps discovered:
D:1:      psy_arrival_conway, layout_loops_corners
D:2:      layout_basic, grunt_temple_overflow_open
D:3:      layout_loops_ring, gammafunk_ghost_split, first_ration,
          serial_bayou_pond_c, uniq_purgy, uniq_terence
D:4:      layout_loops_ring, marbit_many_paths, portal_sewer_entry_f,
          grunt_decor_cap, fedhas_altar_2, uniq_sigmund
D:5:      layout_gridville, minmay_temple_entry_slanted, uniq_eustachio

Skill      XL: |  1  2  3  4  5  6  7 |
---------------+----------------------+-----
Invocations    | 2 3 4 5 6 |  6.7
Long Blades    | 3 4 5 6 8 |  8.2
Fighting       | |  3.6
Armour         | |  2.4
Dodging        | |  1.1

Action                   |  1- 3 |  4- 6 |  7- 9 || total
-------------------------+-------+-------+-------++-------
Melee: Falchion          |   101 |   220 |   106 ||   427
       Headbutt          |     8 |    29 |    25 ||    62
Invok: Banish            |       |     1 |       ||     1
  Use: Scroll            |     7 |     1 |     2 ||    10
       Potion            |     3 |     1 |     1 ||     5
 Stab: Sleeping          |     1 |       |       ||     1
  Eat: Chunk             |     3 |     8 |     4 ||    15
Armor: Leather armour    |     1 |       |       ||     1
       Scale mail        |     1 |       |       ||     1
       Chain mail        |    34 |   116 |    25 ||   175
       Plate armour      |       |       |   104 ||   104
Dodge: Dodged            |    52 |    72 |    54 ||   178
       Rpst.: Falchion   |    16 |     9 |    14 ||    39
